 Dungeon Crawl Stone Soup version 0.29.1-1-gd02db6906a (webtiles) character file.

Game seed: 14558246738778458054

46 sentinel the Digger (level 4, -7/33 HPs)
             Began as a Meteoran Earth Elementalist on Oct 8, 2022.
             Mangled by a gnoll
             ... wielding a +3 flail
              (10 damage)
             ... on level 4 of the Dungeon.
             The game lasted 00:01:35 (378 turns).

sentinel the Digger (Meteoran Earth Elementalist)    Turns: 378, Time: 00:01:35

Health: -7/33      AC:  2    Str: 10    XL:     4   Next: 13%
Magic:  0/9        EV: 12    Int: 18    God:
Gold:   0          SH:  0    Dex: 14    Spells: 2/8 levels left

rFire   . . .      SeeInvis .   (no weapon)
rCold   . . .      Faith    .   (no shield)
rNeg    . . .      Spirit   .   a - +0 robe
rPois   .          Reflect  .   (no helmet)
rElec   .          Harm     .   (no cloak)
rCorr   .          Rampage  .   (no gloves)
Will    .....                   (no boots)
Stlth   +.........              (no amulet)
HPRegen 0.11/turn               (no ring)
MPRegen 0.11/turn               (no ring)

@: very slightly contaminated, glowing
A: sense surroundings 1, otherworldly, glowing, explore regen
a: no special abilities


You were on level 4 of the Dungeon.
You visited 1 branch of the dungeon, and saw 5 of its levels.

Inventory:

Armour
 a - a +0 robe (worn)
Jewellery
 c - a ring of flight
Scrolls
 d - a scroll of noise {unknown}
Potions
 b - a potion of magic


   Skills:
 - Level 2.4 Dodging
 - Level 1.4 Stealth
 - Level 2.6 Spellcasting
 * Level 1.8 Conjurations
 - Level 1.2 Transmutations
 + Level 5.0 Earth Magic


You had 2 spell levels left.
You knew the following spells:

 Your Spells              Type           Power      Damage    Failure   Level
a - Sandblast             Erth           40%        2d10      2%          1
b - Stone Arrow           Conj/Erth      28%        3d8       12%         3
c - Passwall              Tmut/Erth      10%        N/A       7%          2

Your spell library contained the following spells:

 Spells                   Type           Power      Damage    Failure   Level
 Petrify                  Tmut/Erth      13%        N/A       43%         4
 Metabolic Englaciation   Hex/Ice        1%         N/A       99%         5
 Statue Form              Tmut/Erth      8%         N/A       100%        6


Dungeon Overview and Level Annotations

Branches:
Dungeon (5/15) Zot: 2603
 Temple: D:4-7

Altars:

Annotations:
D:2 Sigmund


Innate Abilities, Weirdness & Mutations

You passively map a small area around you.
You are easily found by Zot.
You glow in the dark.
You regain HP and MP as you explore.


Message History

You kill the ball python!
You see here 13 gold pieces.
This spell is quite dangerous to cast!
Memorise Stone Arrow, consuming 3 spell levels and leaving 1?
You start memorising the spell.
You continue memorising. x3
You finish memorising.
Spell assigned to 'b'.
Found 16 gold pieces.
You open the door.
There is an open door here.
An adder comes into view.
Found a scale mail.
You can't see any susceptible monsters within range! (Use Z to cast anyway.)
You can't see any susceptible monsters within range! (Use Z to cast anyway.)
You can't see any susceptible monsters within range! (Use Z to cast anyway.)
The blast of sand hits the adder!
The adder is severely wounded.
The blast of sand misses the adder.
The adder closely misses you.
The blast of sand hits the adder!
You kill the adder!
Your Conjurations skill increases to level 1!
There is a stone staircase leading down here.
You climb downwards.
You hear the hiss of flowing sand.
There is an entrance to an ossuary on this level.
Hurry and find it before the portal is buried!
There is a stone staircase leading up here.
Found a stone staircase leading down.
A dart slug comes into view.
A dart slug is nearby!
The dart slug launches a dart at you. The slug dart hits you.
You can't see any susceptible monsters within range! (Use Z to cast anyway.)
You can't see any susceptible monsters within range! (Use Z to cast anyway.)
The dart slug launches a dart at you. The slug dart hits you.
The blast of sand hits the dart slug!
You kill the dart slug!
You can't see any susceptible monsters within range! (Use Z to cast anyway.)
You can't see any susceptible monsters within range! (Use Z to cast anyway.)
There is a stone staircase leading down here.
You see here a dart slug corpse.
You climb downwards.
Magic restored.
HP restored.
The jackal barks!
The hound barks!
The jackal barks!
There is a stone staircase leading up here.
The adder hisses angrily.
The jackal closely misses you. x3; The hound bites you.
You climb upwards.
You hear the hiss of flowing sand.
There is an entrance to an ossuary on this level.
Hurry and find it before the portal is buried!
There is a stone staircase leading down here.
You see here a dart slug corpse.
The jackal attacks as you move away! The jackal bites you. x3
The blast of sand hits the jackal.
You kill the jackal!
The jackal bites you.
The blast of sand hits the jackal.
The jackal is almost dead.
The jackal misses you. The jackal closely misses you.
The blast of sand hits the jackal!
You kill the jackal!
The jackal bites you.
The blast of sand hits the jackal.
The jackal is lightly wounded.
The jackal bites you. x3
The blast of sand hits the jackal.
The jackal is almost dead.
The jackal closely misses you. The jackal barely misses you.
The blast of sand hits the jackal!
You kill the jackal!
Things that are here:
a jackal corpse; a jackal corpse; a jackal corpse A hobgoblin comes into view.
Found an escape hatch in the ceiling.
The hobgoblin shouts!
You hit the hobgoblin but do no damage.
The hobgoblin hits you but does no damage.
The blast of sand hits the hobgoblin!
You kill the hobgoblin!
Your Earth Magic skill increases to level 5!
You can't see any susceptible monsters within range! (Use Z to cast anyway.)
Found a stone staircase leading down.
There is a stone staircase leading down here.
You climb downwards.
Magic restored.
The adder hisses angrily.
The gnoll shouts!
You hear a shout! x2
You hear an angry hiss. x2
There is a stone staircase leading up here.
A gnoll comes into view. It is wielding a +0 club.
Casting: Sandblast (safe; 2% risk of failure)
Confirm with . or Enter, or press ? or * to list all spells.
Aiming: Stone Arrow (quite dangerous; 14% risk of failure)
Press: ? - help, Shift-Dir - straight line, f - adder
Aim: an adder (48% to hit)
The stone arrow hits the adder!
You kill the adder!
The gnoll shouts!
You have reached level 4!
Casting: Stone Arrow (quite dangerous; 12% risk of failure)
Confirm with . or Enter, or press ? or * to list all spells.
You can't see any susceptible monsters within range! (Use Z to cast anyway.)
A gnoll comes into view. It is wielding a +0 club.
Casting: Stone Arrow (quite dangerous; 12% risk of failure)
Confirm with . or Enter, or press ? or * to list all spells.
Aiming: Stone Arrow (quite dangerous; 12% risk of failure)
Press: ? - help, Shift-Dir - straight line, f - gnoll
Aim: a gnoll, wielding a +3 flail (72% to hit)
You miscast Stone Arrow.
You are very lightly contaminated with residual magic.
Nothing appears to happen.
A scorpion comes into view.
A jelly comes into view.
Casting: Stone Arrow (quite dangerous; 12% risk of failure)
Confirm with . or Enter, or press ? or * to list all spells.
You don't have enough magic to cast this spell.
Unknown command.
Casting: Stone Arrow (quite dangerous; 12% risk of failure)
Confirm with . or Enter, or press ? or * to list all spells.
Aiming: Sandblast (safe; 2% risk of failure)
Press: ? - help, Shift-Dir - straight line, f/p - gnoll
Aim: a gnoll, wielding a +3 flail (85% to hit)
The blast of sand hits the gnoll.
The gnoll is moderately wounded.
The jelly quivers.
An adder comes into view.
A gnoll comes into view. It is wielding a +0 whip.
A gnoll comes into view. It is wielding a +0 spear.
The gnoll shouts!
The gnoll hits you with a +3 flail!
You climb upwards.
You hear the hiss of flowing sand.
There is an entrance to an ossuary on this level.
Hurry and find it before the portal is buried!
You hear the slow hiss of an avalanche of sand nearby.
There is a stone staircase leading down here.
Casting: Sandblast (safe; 2% risk of failure)
Confirm with . or Enter, or press ? or * to list all spells.
Aiming: Sandblast (safe; 2% risk of failure)
Press: ? - help, Shift-Dir - straight line, f - gnoll
Aim: a gnoll, wielding a +3 flail (lightly wounded, 85% to hit)
The blast of sand hits the gnoll.
The gnoll is moderately wounded.
The gnoll hits you with a +3 flail.
Casting: Sandblast (safe; 2% risk of failure)
Confirm with . or Enter, or press ? or * to list all spells.
Aiming: Sandblast (safe; 2% risk of failure)
Press: ? - help, Shift-Dir - straight line, f/p - gnoll
Aim: a gnoll, wielding a +3 flail (moderately wounded, 85% to hit)
The blast of sand hits the gnoll!
The gnoll is almost dead.
The gnoll closely misses you. The gnoll hits you with a +3 flail!
* * * LOW HITPOINT WARNING * * *
HP warning!
The gnoll hits you with a +3 flail!
You die...

#.# * * * *#.#
, , ,,, #.# * *
#.# *#.# * , *
#.# , ##†## *
######.#.>.#
#>@....#...#
#g######...#
#.#######.#####
#.............#
#########.###.#
*..# * * *.##
,, *#. * ***,
*..


You could see a gnoll.

Vanquished Creatures
  2 adders
  A worm (D:3)
  A dart slug (D:4)
  An endoplasm (D:3)
  2 goblins (D:1)
  2 hobgoblins
  3 jackals (D:4)
  A kobold (D:3)
  2 quokkas
  3 ball pythons
  2 bats
  2 frilled lizards (D:3)
  A rat (D:1)
23 creatures vanquished.

Notes
Turn   | Place    | Note
-------+----------+-------------------------------------------
     0 | D:1      | sentinel the Meteoran Earth Elementalist began the quest
                  | for the Orb.
     0 | D:1      | Reached XP level 1. HP: 14/14 MP: 5/5
   210 | D:1      | Reached skill level 4 in Earth Magic
   223 | D:2      | Reached XP level 2. HP: 20/20 MP: 3/6
   254 | D:2      | Noticed Sigmund
   267 | D:3      | Learned a level 2 spell: Passwall
   291 | D:3      | Reached XP level 3. HP: 18/26 MP: 5/8
   299 | D:3      | Learned a level 3 spell: Stone Arrow
   322 | D:3      | Reached skill level 1 in Conjurations
   338 | D:5      | Entered Level 5 of the Dungeon
   357 | D:4      | Reached skill level 5 in Earth Magic
   371 | D:5      | Reached XP level 4. HP: 26/33 MP: 5/9
   372 | D:5      | Noticed a scorpion
   374 | D:5      | Noticed a scorpion
   378 | D:4      | Mangled by a gnoll

Illustrated notes

Levels and vault maps discovered:
D:1:      psy_arrival_radial01, layout_basic, minmay_tromino_mix6
D:2:      layout_basic, shapermc_ecumenical_altar_mp_vishouse,
          minmay_strange_pillars, st_stairs_2, uniq_natasha, uniq_sigmund,
          uniq_jessica
D:3:      layout_basic, st_stairs_4, uniq_ijyb
D:4:      layout_loops_ring, mainiacjoe_overflow_alcove_1,
          nicolae_ossuary_entry_plus, uniq_pikel, uniq_eustachio
D:5:      layout_rooms, minmay_temple_entry_purple_smoke

Skill      XL: |  1  2  3 |
---------------+----------+-----
Earth Magic    | 4 5 |  5.0
Conjurations   | 1 |  1.8
Dodging        | |  2.4
Stealth        | |  1.4
Spellcasting   | |  2.6
Transmutations | |  1.2

Action                   |  1- 3 |  4- 6 || total
-------------------------+-------+-------++-------
Melee: Unarmed           |     1 |       ||     1
 Cast: Sandblast         |    33 |     3 ||    36
       Passwall          |     1 |       ||     1
       Stone Arrow       |     1 |       ||     1
Armor: Robe              |     3 |       ||     3
Dodge: Dodged            |    25 |     1 ||    26
